 Dungeon Crawl Stone Soup version 0.27.0-1-g7a089689b8 (webtiles) character file.

Game seed: 6802782821083063819

3250 pkoi the Grappler (level 9, 0/74 HPs)
             Began as a White Draconian Monk on Aug 9, 2021.
             Shot with an arrow by a centaur warrior (11 damage)
             ... on level 7 of the Dungeon.
             The game lasted 00:12:04 (8226 turns).

pkoi the Grappler (White Draconian Monk)            Turns: 8226, Time: 00:12:04

Health: 0/74       AC: 10    Str: 17    XL:     9   Next: 67%
Magic:  14/14      EV: 17    Int: 11    God:
Gold:   303        SH:  0    Dex: 13    Spells: 8/15 levels left

rFire    . . .     SeeInvis .     - Unarmed
rCold    + . .     Faith    .   (no shield)
rNeg     . . .     Spirit   .   (armour unavailable)
rPois    +         Reflect  .   (helmet restricted)
rElec    .         Harm     .   p - +1 cloak
rCorr    .         Rampage  .   (no gloves)
Will     .....                  g - +0 pair of boots
Stlth    ++........             (no amulet)
HPRegen  0.22/turn              f - +4 ring of evasion
MPRegen  0.14/turn              k - ring of poison resistance

@: short of breath
A: breathe frost, AC +7, unfitting armour, cold resistance 1, cold-blooded
a: Breathe Frost


You were on level 7 of the Dungeon.
You visited 1 branch of the dungeon, and saw 7 of its levels.

You collected 303 gold pieces.

Inventory:

Missiles
 q - a throwing net (quivered)
Armour
 g - a +0 pair of boots (worn)
 p - a +1 cloak (worn)
Jewellery
 f - a +4 ring of evasion (left hand)
 j - a ring of fire
 k - a ring of poison resistance (right hand)
Wands
 e - a wand of digging (7)
 r - a wand of iceblast (6)
Scrolls
 a - a scroll of teleportation
 c - 6 scrolls of identify
 s - a scroll of summoning
 t - a scroll of fog
Potions
 b - a potion of magic {unknown}
 d - a potion of brilliance
 h - a potion of might
 i - a potion of ambrosia {unknown}
 l - a potion of attraction {unknown}
 m - 3 potions of curing
 n - a potion of lignification {unknown}
 o - a potion of flight {unknown}
 u - a potion of mutation {unknown}


   Skills:
 + Level 5.6 Fighting
 + Level 4.7 Dodging
 - Level 1.7 Stealth
 + Level 11.1 Unarmed Combat
 + Level 3.5 Spellcasting
 + Level 4.0 Translocations


You had 8 spell levels left.
You knew the following spells:

 Your Spells              Type           Power      Damage    Failure   Level
a - Blink                 Tloc           N/A        N/A       8%          2
b - Manifold Assault      Tloc           10%        N/A       80%         5

Your spell library contained the following spells:

 Spells                   Type           Power      Damage    Failure   Level
 Magic Dart               Conj           4%         1d3       26%         1
 Call Imp                 Summ           1%         N/A       36%         2
 Mephitic Cloud           Conj/Pois/Air  1%         N/A       58%         3
 Storm Form               Tmut/Air       0%         N/A       100%        7


Dungeon Overview and Level Annotations

Branches:
Dungeon (7/15)
 Temple: D:4-7

Altars:
Cheibriados
Fedhas
Kikubaaqudgha
Okawaru
Ru
Beogh

Annotations:
D:5 3 runed translucent doors, growler's ghost, amateur DjFE
D:6 2 runed translucent doors


Innate Abilities, Weirdness & Mutations

You can breathe waves of freezing cold which knock back foes.
Your icy white scales are hard. (AC +7)
You cannot fit into any form of body armour.
Your flesh is cold resistant. (rC+)
You are cold-blooded and may be slowed by cold attacks.


Message History

The sky beast is moderately wounded.
The sky beast is blown backwards by the freezing wind.
The sky beast collides with the centaur!
The freezing breath hits the centaur!
The centaur is heavily wounded.
The centaur is blown backwards by the freezing wind.
The centaur warrior hits you.
The centaur warrior kicks you but does no damage.
A howler monkey zombie comes into view.
The centaur warrior closely misses you.
The centaur warrior kicks you but does no damage.
The centaur warrior wields a +0 shortbow.
The centaur warrior shoots an arrow.
The arrow hits you!
* * * LOW HITPOINT WARNING * * *
The centaur warrior shoots an arrow.
The arrow barely misses you.
The centaur warrior shoots an arrow.
The arrow misses you.
A scorpion comes into view.
Aiming: Iceblast
Press: ? - help, Shift-Dir - straight line, f/p - centaur warrior
Aim: a centaur warrior, wielding a +0 shortbow and quivering arrows (severely wounded)
The mass of ice explodes!
The iceblast engulfs the centaur warrior!
The centaur warrior is almost dead.
The iceblast engulfs the howler monkey zombie.
The howler monkey zombie partially resists.
The howler monkey zombie is lightly damaged.
You hear a croak.
The centaur warrior shoots an arrow.
The arrow misses you.
A water moccasin zombie comes into view.
Aiming: Iceblast
Press: ? - help, Shift-Dir - straight line, f/p - centaur warrior
Aim: a centaur warrior, wielding a +0 shortbow and quivering arrows (almost dead)
The mass of ice explodes!
The iceblast engulfs the centaur warrior.
The centaur warrior is almost dead.
The iceblast engulfs the howler monkey zombie!
The howler monkey zombie partially resists.
The howler monkey zombie is heavily damaged.
The centaur warrior shoots an arrow.
The arrow hits you!
You die...

♣..#.....#
#♣♣..#.....#
Zs.)#Yhc..# ♣..#oYYo.#
♣ ♣..#.JOo.# .♣
♣.Zc#####+..♣
♣...........♣
♣...........♣
♣♣♣♣♣♣@♣♣♣♣♣♣ ♣.♣
######.######
♣♣...........♣♣ ..
#♣.###########.♣# #.
#.# #..'......†..'..#
... ...
#♣.###########.♣# #.#
#.. ♣♣...........♣♣
#[# #..
#########.##########.#
#..


You could see a centaur warrior, a scorpion, a water moccasin zombie and a
howler monkey zombie.

Vanquished Creatures
  Pikel (D:6)
  Grinder (D:5)
  Sigmund (D:2)
  Eustachio (D:3)
  A steam dragon (D:7)
  Menkaure (D:6)
  2 water moccasins
  A black bear (D:6)
  An ice beast (D:6)
  A necrophage (D:5)
  2 ogres
  2 phantoms (D:5)
  2 lemures (D:6)
  A kobold brigand (D:6)
  Blork the orc (D:5)
  2 bullfrogs (D:7)
  A gnoll sergeant (D:6)
  A water moccasin zombie (D:5)
  Crazy Yiuf (D:5)
  A bullfrog zombie (D:4)
  2 jellies
  A centaur skeleton (D:5)
  4 orc priests
  3 hounds
  A bullfrog skeleton (D:7)
  Terence (D:2)
  An iguana (D:5)
  3 orc wizards
  9 gnolls
  A howler monkey skeleton (D:5)
  12 adders
  A river rat (D:5)
  3 white imps
  An ufetubus (D:4)
  4 worms
  5 dart slugs
  11 orcs
  4 ball pythons
  5 endoplasms
  A giant cockroach (D:3)
  8 goblins
  5 hobgoblins
  18 jackals
  4 quokkas
  6 bats
  5 frilled lizards
  8 kobolds
  6 rats
158 creatures vanquished.

Vanquished Creatures (others)
  4 plants (D:6)
  A withered plant (D:6)
5 creatures vanquished.

Grand Total: 163 creatures vanquished

Notes
Turn   | Place    | Note
-------+----------+-------------------------------------------
     0 | D:1      | pkoi the Draconian Monk began the quest for the Orb.
     0 | D:1      | Reached XP level 1. HP: 19/19 MP: 1/1
   131 | D:1      | Reached XP level 2. HP: 17/26 MP: 2/2
   271 | D:1      | Found a faded altar of an unknown god.
   595 | D:1      | Reached skill level 4 in Unarmed Combat
  1115 | D:2      | Reached XP level 3. HP: 31/31 MP: 3/3
  1168 | D:2      | You fall into a shaft and drop 2 floors!
  1169 | D:4      | Noticed Eustachio
  1261 | D:3      | Learned a level 2 spell: Blink
  1463 | D:2      | Noticed Sigmund
  1685 | D:3      | Reached XP level 4. HP: 25/38 MP: 4/4
  1820 | D:3      | Reached skill level 5 in Unarmed Combat
  2123 | D:3      | Found Xedihud's Magic Scroll Emporium.
  2151 | D:3      | Found an iron altar of Okawaru.
  2439 | D:2      | Reached XP level 5. HP: 42/45 MP: 5/5
  2842 | D:4      | Noticed an ogre
  2846 | D:4      | Killed an ogre
  2847 | D:4      | Reached skill level 6 in Unarmed Combat
  3032 | D:4      | Reached XP level 6. HP: 33/51 MP: 6/6
  3313 | D:4      | Reached skill level 7 in Unarmed Combat
  3347 | D:4      | Identified the +2 ring mail "Heufun" {*Slow rPois Dex+8}
  3850 | D:4      | Found a snail-covered altar of Cheibriados.
  3898 | D:5      | Entered Level 5 of the Dungeon
  3948 | D:5      | Found a sacrificial altar of Ru.
  4138 | D:5      | Noticed Grinder
  4141 | D:5      | Killed Grinder
  4142 | D:5      | Reached skill level 8 in Unarmed Combat
  4142 | D:5      | Your scales start taking on an icy white colour.
  4142 | D:5      | Reached XP level 7. HP: 42/57 MP: 7/7
  4142 | D:5      | Gained mutation: Your flesh is cold resistant. (rC+) [White
                  | Draconian growth]
  4254 | D:5      | Found a runed translucent door.
  4255 | D:5      | Noticed Crazy Yiuf
  4266 | D:5      | Killed Crazy Yiuf
  4452 | D:5      | Reached skill level 9 in Unarmed Combat
  4909 | D:5      | Noticed Blork the orc
  4921 | D:5      | Reached XP level 8. HP: 36/63 MP: 8/8
  4939 | D:5      | Killed Blork the orc
  4940 | D:5      | Reached skill level 10 in Unarmed Combat
  5461 | D:5      | Found a runed translucent gate.
  5461 | D:5      | Noticed growler's ghost (amateur DjFE)
  5462 | D:5      | Found a runed translucent gate.
  5464 | D:5      | Found a runed translucent gate.
  5465 | D:5      | Identified the +0 scale mail of Quferusu {rElec}
  5466 | D:5      | Identified the +11 plate armour of Dawn {rF+ rC+}
  5802 | D:6      | Learned a level 5 spell: Manifold Assault
  5970 | D:3      | Killed Eustachio
  5971 | D:3      | Reached skill level 1 in Spellcasting
  5971 | D:3      | Reached skill level 1 in Translocations
  6109 | D:2      | Killed Sigmund
  6203 | D:2      | Noticed Terence
  6214 | D:2      | Killed Terence
  6392 | D:6      | Found an ancient bone altar of Kikubaaqudgha.
  6401 | D:6      | Found a blossoming altar of Fedhas.
  6831 | D:6      | Reached XP level 9. HP: 68/72 MP: 12/12
  6893 | D:6      | Noticed Menkaure
  6911 | D:6      | Killed Menkaure
  7332 | D:6      | Noticed Pikel
  7670 | D:6      | Killed Pikel
  7671 | D:6      | Reached skill level 5 in Fighting
  7942 | D:6      | Found a large runed translucent door.
  7943 | D:6      | Found a large runed translucent door.
  8086 | D:7      | Reached skill level 11 in Unarmed Combat
  8211 | D:7      | Noticed a two-headed ogre
  8214 | D:7      | Noticed a centaur warrior
  8226 | D:7      | Shot with an arrow by a centaur warrior

Illustrated notes

Levels and vault maps discovered:
D:1:      psy_arrival_basics, layout_basic,
          shapermc_ecumenical_altar_totnotflames, minmay_pentomino_x2
D:2:      layout_rooms, uniq_terence, uniq_sigmund
D:3:      layout_basic, kennysheep_okawaru_gauntlet, serial_shops, shop
D:4:      layout_basic, kennysheep_slug_shrine, uniq_eustachio
D:5:      layout_loops_ring, hangedman_ru_absence, biasface_ghost_orc_armoury,
          gup_sewer_entry_bubbles, minmay_misc_feat_hallway, uniq_blork_the_orc,
          uniq_crazy_yiuf_cottage, uniq_grinder
D:6:      layout_rooms, grunt_temple_overflow_growth_and_decay,
          jmf_multi_god_temple2, chequers_serial_rivers_micro_a, uniq_menkaure,
          uniq_pikel
D:7:      nzn_winding_woodlands_cross [nzn_winding_woodlands_5x15_longhouse,
          nzn_winding_woodlands_5x15_garden, nzn_winding_woodlands_5x15_jagged,
          nzn_winding_woodlands_5x15_default,
          nzn_winding_woodlands_15x15_killbox], layout_loops_ring,
          lemuel_blue_sif_altar, minmay_temple_entry_large_hall

Skill      XL: |  1  2  3  4  5  6  7  8  9 |
---------------+----------------------------+-----
Unarmed Combat | 4 5 6 8 9 10 11 | 11.1
Dodging        | 3 4 |  4.7
Spellcasting   | 2 3 |  3.5
Translocations | 2 4 |  4.0
Fighting       | 4 5 |  5.6
Stealth        | |  1.7

Action                   |  1- 3 |  4- 6 |  7- 9 || total
-------------------------+-------+-------+-------++-------
Melee: Unarmed           |   113 |   226 |   321 ||   660
       Tailslap          |    12 |    23 |    43 ||    78
       Punch             |     4 |     8 |    12 ||    24
 Abil: Breathe Frost     |       |       |     4 ||     4
Evoke: Wand              |       |       |     2 ||     2
  Use: Potion            |       |     3 |     2 ||     5
       Scroll            |       |     7 |     2 ||     9
 Stab: Sleeping          |     3 |     4 |     1 ||     8
       Distracted        |     1 |       |       ||     1
Armor: Skin              |    34 |    55 |    65 ||   154
Dodge: Dodged            |    73 |   214 |   227 ||   514
